Map: Incorporeal LE

Players

FallinInFall

  • Race: Zerg Zerg
  • League: Master
  • Spawn Location: 5:00

A.I. 1 (Hard) - Winner!

  • Race: Zerg Zerg
  • Spawn Location: 11:00

VOD

Have the link to the VOD?

Description

Time

  • Played on: Oct. 9, 2025, 7:29 a.m.
  • Length: 6:30
Show
View Real Time Build Order
Export as new Build Order

FallinInFall Zerg 

Build Orders: Hatch First 

Get SALT Encoding   

  12  0:00  Drone  
  13  0:08  Drone  
  14  0:14  Extractor  
  14  0:15  Drone  
  15  0:23  Overlord  
  15  0:42  Drone  
  16  0:46  Hatchery  
  16  0:49  Drone  
  16  0:53  Drone  
  17  0:58  Drone  
  18  1:08  Extractor  
  17  1:12  Spawning Pool  
  17  1:14  Drone  
  17  1:18  Drone  
  18  1:27  Drone  
  19  1:41  Drone  
  20  1:48  Drone  
  21  1:59  Queen x2  
  25  2:03  Zergling x2  
  25  2:05  Overlord  
  26  2:09  Drone  
  26  2:10  Drone  
  28  2:26  Drone x2  
  30  2:31  Drone x2  
  30  2:35  Queen  
  34  2:40  Lair  
  34  2:44  Overlord  
  34  2:46  Drone  
  35  2:51  Drone  
  35  2:57  Roach Warren, Evolution Chamber  
  33  3:00  Evolution Chamber  
  33  3:04  Drone x2  
  34  3:12  Drone x2  
  36  3:14  Drone  
  36  3:15  Drone x2  
  36  3:17  Drone  
  36  3:19  Drone  
  41  3:30  Drone x2  
  41  3:31  Drone  
  41  3:33  Zerg Missile Weapons Level 1  
  44  3:37  Glial Reconstitution  
  44  3:44  Overlord, Extractor  
  44  3:45  Extractor  
  42  3:49  Roach  
  42  3:51  Overlord  
  44  4:04  Roach x3  
  44  4:05  Overlord  
  44  4:06  Overlord  
  50  4:13  Roach  
  52  4:18  Roach  
  52  4:19  Roach  
  56  4:27  Roach x2  
  56  4:29  Overlord  
  62  4:31  Roach  
  62  4:32  Roach  
  62  4:33  Overlord  
  64  4:43  Roach x2  
  68  5:05  Roach x8  
  84  5:08  Overlord  
  84  5:16  Roach  
  84  5:19  Roach x3  
  92  5:33  Roach x2  
  92  5:34  Roach  
  98  5:38  Roach  
  98  5:41  Overlord  
  96  5:59  Roach x5  
  96  6:00  Overlord  
  102  6:09  Roach x3  
  108  6:11  Overlord  
  108  6:26  Hatchery  
Show
View Real Time Build Order
Export as new Build Order

A.I. 1 (Hard) Zerg - Winner!

Build Orders: 1 Base Baneling Bust, Pool Only 

Get SALT Encoding   

  12  0:00  Drone  
  13  0:12  Overlord  
  13  0:16  Drone  
  14  0:30  Drone  
  14  0:32  Drone  
  16  0:42  Spawning Pool  
  15  0:45  Drone  
  15  0:49  Drone  
  17  0:52  Extractor  
  17  0:55  Drone  
  17  1:06  Overlord  
  17  1:29  Zergling x2  
  17  1:31  Queen  
  20  1:38  Drone  
  20  1:39  Roach Warren  
  20  1:42  Extractor  
  20  1:43  Zergling x2  
  20  1:49  Drone  
  21  1:59  Drone  
  22  2:13  Drone  
  23  2:21  Roach  
  25  2:31  Overlord  
  25  2:38  Roach  
  27  2:49  Drone  
  27  2:50  Overlord  
  28  2:52  Roach  
  30  3:00  Drone  
  30  3:05  Ravager x2  
  33  3:10  Roach  
  35  3:15  Overlord  
  35  3:18  Drone  
  36  3:23  Drone  
  36  3:24  Ravager  
  36  3:26  Roach  
  40  3:36  Drone  
  41  3:41  Overlord, Drone  
  41  3:42  Roach  
  45  3:48  Drone  
  45  3:53  Baneling Nest  
  44  3:59  Drone  
  44  4:00  Evolution Chamber  
  45  4:10  Drone  
  45  4:13  Roach  
  47  4:27  Roach  
  49  5:51  Zergling x2  
  49  5:55  Roach  
  44  5:58  Roach  
  44  6:02  Roach  
  35  6:06  Roach  
  35  6:08  Drone  
  35  6:09  Roach  
  35  6:10  Drone  
  29  6:11  Drone  
  29  6:13  Drone  
  29  6:14  Drone  
Tags
 
Add a new tag
Caveats
  • Supply blocks, unpowered buildings, or Contaminate may cause inaccurate times.
  • Supply counts are checked every 10 seconds.